 Dungeon Crawl Stone Soup version 0.30-a0-913-g9934a0ce24 (webtiles) character file.

Game seed: 9201285978911299839

13873 Lobster4 the Jinx (level 11, -1/54 HPs)
             Began as a Spriggan Enchanter on Mar 19, 2023.
             Was an Initiate of Gozag.
             Slain by a catoblepas (22 damage)
             ... in a Gauntlet.
             The game lasted 00:59:56 (15112 turns).

Lobster4 the Jinx (Spriggan Enchanter)             Turns: 15112, Time: 00:59:57

Health: -1/54      AC:  7    Str: 10    XL:     11   Next: 81%
Magic:  0/23       EV: 22    Int: 17    God:    Gozag
Gold:   1387       SH:  7    Dex: 20    Spells: 7/24 levels left

rFire   + + .      SeeInvis +    a - +2 dagger
rCold   + . .      Faith    .    f - +1 buckler
rNeg    + . .      Spirit   +    A - +2 robe {rC+ rF+}
rPois   .          Reflect  .    I - +1 hat {Will+}
rElec   .          Rampage  .    Q - +1 cloak
rCorr   .          NoTele   +    (gloves unavailable)
Will    +++..                    (boots unavailable)
Stlth   +++++                    p - amulet of guardian spirit
HPRegen 0.29/turn                d - ring of positive energy
MPRegen 0.18/turn                e - ring of Mymoihil {rF+ Will+ Str+6}

@: mighty, confusing by touch, very quick
A: very small, no large weapons, unfitting armour, see invisible, speed 3
a: Renounce Religion, Potion Petition, Call Merchant, Bribe Branch


You were in a Gauntlet.
You worshipped Gozag.
Gozag was most pleased with you.
You visited 2 branches of the dungeon, and saw 12 of its levels.
You also visited: Sewer and Gauntlet.

You collected 1847 gold pieces.
You spent 377 gold pieces at shops.
You paid 83 gold pieces to Gozag.

Inventory:

Hand Weapons
 a - a +2 dagger (weapon)
 b - a +0 sling
 g - a +3 scimitar of flaming
 j - a +0 demon trident
 m - a +1 dagger of draining
 o - a +2 spear of venom
 D - the +6 arbalest "Damnation" {damnation}
   (You found it on level 5 of the Dungeon)
 L - a +4 falchion
Missiles
 r - 36 poisoned darts (quivered)
 v - 3 throwing nets
 x - 6 boomerangs
 O - a curare-tipped dart
Armour
 f - a +1 buckler (worn)
 y - a scarf of invisibility
 A - a +2 robe of resistance (worn)
 I - a +1 hat of willpower (worn)
 Q - a +1 cloak (worn)
Jewellery
 d - a ring of positive energy (left hand)
 e - the ring of Mymoihil (right hand) {rF+ Will+ Str+6}
   (You found it on level 7 of the Dungeon)

   [ring of protection from fire]

   Str:       It affects your strength (+6).
   rF:        It protects you from fire.
   Will:      It increases your willpower.
 p - an amulet of guardian spirit (around neck)
 N - an amulet of faith
Wands
 h - a wand of roots (17)
 B - a wand of flame (9)
 C - a wand of quicksilver (2)
 K - a wand of polymorph (22)
 P - a wand of paralysis (4)
Scrolls
 s - 3 scrolls of amnesia
 w - a scroll of silence
 F - 4 scrolls of teleportation
 H - 2 scrolls of enchant weapon
 J - a scroll of fog
Potions
 c - a potion of invisibility
 i - a potion of cancellation
 k - a potion of heal wounds
 l - a potion of might
 q - 8 potions of curing
 t - 2 potions of brilliance
 u - a potion of magic {unknown}
 z - 2 potions of flight
 E - a potion of mutation
 G - 3 potions of lignification
Miscellaneous
 n - a piece from Xom's chessboard (15/15)
 M - a box of beasts


   Skills:
 + Level 4.5 Fighting
 - Level 6.0 Short Blades
 + Level 5.0 Ranged Weapons
 - Level 3.0 Throwing
 + Level 7.8 Dodging
 + Level 10.2 Stealth
 + Level 4.0 Shields
 + Level 7.3 Spellcasting
 + Level 2.1 Conjurations
 * Level 10.5 Hexes
 - Level 3.0 Transmutations
 - Level 3.0 Ice Magic
 + Level 2.3 Air Magic
 + Level 3.1 Earth Magic
 + Level 6.3 Evocations


You had 7 spell levels left.
You knew the following spells:

 Your Spells              Type           Power      Damage    Failure   Level
a - Ensorcelled Hibernat  Hex/Ice        58%        N/A       1%          2
b - Confusing Touch       Hex            41%        N/A       1%          3
c - Tukima's Dance        Hex            41%        N/A       1%          3
d - Sandblast             Erth           34%        2d9       6%          1
e - Dazzling Flash        Conj/Hex       54%        N/A       4%          3
f - Passwall              Tmut/Erth      13%        N/A       10%         2
g - Swiftness             Air            14%        N/A       26%         3

Your spell library contained the following spells:

 Spells                   Type           Power      Damage    Failure   Level
 Kiss of Death            Conj/Necr      36%        2d8       14%         1
 Silence                  Hex/Air        14%        N/A       41%         5
 Dispel Undead            Necr           6%         3d8       91%         4
 Passage of Golubria      Tloc           6%         N/A       91%         4
 Plasma Beam              Fire/Air       5%         2x1d17    98%         5
 Starburst                Conj/Fire      4%         6d4       100%        6
 Lehudib's Crystal Spear  Conj/Erth      7%         10d3      100%        8


Dungeon Overview and Level Annotations

Branches:
Dungeon (11/15)            Temple (1/1) D:5            Lair (0/5) D:11
    Orc (0/2) D:11          Sewer (visited)         Gauntlet (1/1)

Altars:
Ashenzari
Cheibriados
Dithmenos
Elyvilon
Fedhas
Gozag
Hepliaklqana
Kikubaaqudgha
Makhleb
Nemelex Xobeh
Okawaru
Qazlal
Ru
Sif Muna
Trog
Uskayaw
Vehumet
Wu Jian
Xom
Yredelemnul
Zin
The Shining One

Shops:
D:3 ([:   D:7 ?

Annotations:
D:8 2 transporters, Axe's ghost, novice OpFi Gauntlet 4 transporters


Innate Abilities, Weirdness & Mutations

You are very small and have problems with some larger weapons.
You are too small for most types of armour.
You have supernaturally acute eyesight. (SInv)
You cover ground extremely quickly. (Speed+++)


Message History

Aim: a catoblepas (calcifying dust, chance to confuse on hit: 8%)
The roots erupt in riotous growth!
Roots grab the catoblepas.
The grasping roots constrict the catoblepas.
The catoblepas struggles to escape constriction.
The grasping roots constrict the catoblepas.
The grasping roots constrict the catoblepas.
The roots release their grip on the catoblepas.
The wolf is engulfed in calcifying dust. x2
Aiming: Paralyse
Press: ? - help, Shift-Dir - straight line, f/p - catoblepas
Aim: a catoblepas (lightly wounded, chance to confuse on hit: 8%, chance to affect: 6%)
Okay, then.
Unknown command.
Aiming: Quicksilver Bolt
Press: ? - help, Shift-Dir - straight line, f/p - catoblepas
Aim: a catoblepas (lightly wounded, chance to confuse on hit: 8%, 100% to hit)
The bolt of dispelling energy hits the catoblepas!
The catoblepas is moderately wounded.
The bolt of dispelling energy hits the wolf!
The wolf is moderately wounded.
The wolf's magical effects unravel!
The bolt of dispelling energy misses the swamp worm.
The wolf is engulfed in calcifying dust. x2
The wolf is moving more slowly.
The wolf is engulfed in calcifying dust.
The catoblepas breathes in.
The catoblepas breathes a plume of calcifying dust at you.
The blast of calcifying dust hits you. The wolf attacks as you move away!
The wolf misses you.
The wolf is engulfed in calcifying dust.
The wolf is moving more slowly.
The catoblepas breathes a plume of calcifying dust at you.
The blast of calcifying dust hits you!
The swamp worm fires a harpoon shot at you.
The harpoon shot hits you!
You are yanked forward by the harpoon shot.
The catoblepas gores you!!
You die...
Your body crumbles into a pile of gold.

8©8#W......#8©8#.##©...#8©8#.....
#################################
.................................
≈#≈≈≈#≈≈≈#...8⌠8..8∩8..8⌠8...#≈≈≈
###≈###≈###.................###≈#
# ### ### ################### ###
##≈..§.h..........≈#
#≈≈..8h8©8©8©8©8..≈≈#
##≈...Y@..........≈##
###H##w##.##.##.###
##.##Z##.##.##.# #....h...h......
###.##.##.##. #H# .# .# ... ..
.##.###' #. .# .


You could see a minotaur, a catoblepas, a swamp worm (summoned), 3 wolves and a
hornet simulacrum (summoned).

Vanquished Creatures
  Gastronok (D:9)
  Erica (D:9)
  2 two-headed ogres (D:9)
  Pikel (D:4)
  A moth of wrath (Gauntlet)
  A dancing weapon (D:9)
  A kobold demonologist (D:9)
  A queen bee (Gauntlet)
  A red devil (Gauntlet)
  Prince Ribbit (D:6)
  Grinder (D:3)
  A vampire (D:11)
  A shadow (Gauntlet)
  27 yaks
  3 wyverns
  4 redbacks (Gauntlet)
  A steam dragon (D:9)
  A water moccasin (D:9)
  An acid dragon (D:9)
  2 orc warriors
  An ice beast (D:6)
  3 black bears
  An ogre (D:5)
  2 centaurs
  3 lemures (D:4)
  A phantom (D:4)
  4 kobold brigands
  2 gnoll sergeants (D:9)
  7 bullfrogs
  A scorpion (D:6)
  6 wights
  5 killer bees (Gauntlet)
  2 electric eels (D:9)
  2 howler monkeys (D:5)
  A jelly (D:6)
  An orc priest (D:7)
  Natasha (thrice) (D:3)
  Ijyb (D:3)
  Terence (D:3)
  2 iguanas
  7 orc wizards
  A statue (D:4)
  Robin (D:3)
  13 gnolls
  2 river rats
  14 adders
  A shadow imp (D:8)
  A white imp (D:5)
  2 ufetubi
  2 worms
  5 dart slugs
  15 orcs
  3 bats
  10 endoplasms
  11 giant cockroaches
  12 hobgoblins
  5 jackals
  9 quokkas
  13 ball pythons
  14 frilled lizards
  8 goblins
  12 kobolds
  4 rats
  A spectral goblin (D:2)
  A butterfly (D:5)
269 creatures vanquished.

Vanquished Creatures (collateral kills)
  An ogre (D:7)
  5 wights
  An orc wizard (D:10)
  3 orcs
  2 endoplasms (Sewer)
  A quokka (Sewer)
  3 kobolds
16 creatures vanquished.

Vanquished Creatures (others)
  9 dancing weapons
  An orc (D:3)
10 creatures vanquished.

Grand Total: 295 creatures vanquished

Notes
Turn   | Place    | Note
-------+----------+-------------------------------------------
     0 | D:1      | Lobster4 the Spriggan Enchanter began the quest for the
                  | Orb.
     0 | D:1      | Reached XP level 1. HP: 9/9 MP: 5/5
   494 | D:1      | Reached XP level 2. HP: 13/13 MP: 6/6
  1022 | D:1      | Learned a level 2 spell: Ensorcelled Hibernation
  1032 | D:1      | Reached XP level 3. HP: 16/16 MP: 8/8
  1317 | D:2      | Found a faded altar of an unknown god.
  1820 | D:2      | Reached XP level 4. HP: 21/21 MP: 9/9
  2031 | D:2      | Reached skill level 5 in Stealth
  2085 | D:3      | Found a glowing drain.
  2146 | Sewer    | Entered a sewer
  2641 | Sewer    | Noticed a bullfrog
  2657 | Sewer    | Reached XP level 5. HP: 25/25 MP: 10/10
  2679 | Sewer    | Reached skill level 1 in Fighting
  2679 | Sewer    | Reached skill level 1 in Ranged Weapons
  2679 | Sewer    | Reached skill level 1 in Throwing
  2679 | Sewer    | Reached skill level 1 in Shields
  2690 | Sewer    | Reached skill level 5 in Hexes
  2690 | Sewer    | Reached skill level 1 in Ice Magic
  2804 | D:3      | Reached XP level 6. HP: 30/30 MP: 7/12
  2837 | D:3      | Noticed Grinder
  2874 | D:3      | Noticed Natasha
  2886 | D:3      | Killed Natasha
  2905 | D:3      | Noticed Terence
  3022 | D:3      | Found Titi's Weapon Emporium.
  3063 | D:3      | Learned a level 3 spell: Confusing Touch
  3067 | D:3      | Learned a level 3 spell: Tukima's Dance
  3120 | D:3      | Noticed Natasha
  3124 | D:3      | Killed Natasha
  3152 | D:3      | Found a basalt altar of Yredelemnul.
  3224 | D:3      | Noticed Natasha
  3229 | D:3      | Killed Natasha
  3394 | D:3      | Found Fyita's Armour Shop.
  3429 | D:3      | Found Ukkuunaj's Book Shop.
  3595 | D:3      | Killed Terence
  3596 | D:3      | Noticed Robin
  3597 | D:3      | Noticed Ijyb
  4049 | D:4      | Noticed Pikel
  4496 | D:3      | Killed Robin
  4632 | D:4      | Found a broken altar of Ashenzari.
  5073 | D:4      | Found a radiant altar of Vehumet.
  5258 | D:4      | Reached XP level 7. HP: 33/33 MP: 9/13
  5307 | D:4      | Killed Pikel
  5308 | D:4      | Reached XP level 8. HP: 37/39 MP: 4/15
  5579 | D:5      | Entered Level 5 of the Dungeon
  5773 | D:5      | Found a staircase to the Ecumenical Temple.
  5778 | Temple   | Entered the Ecumenical Temple
  5946 | D:5      | Reached skill level 1 in Evocations
  6033 | D:5      | Found the +6 arbalest "Damnation" {damnation}
  7270 | D:6      | Noticed Prince Ribbit
  7279 | D:6      | Killed Prince Ribbit
  7316 | D:6      | Found an opulent altar of Gozag.
  7322 | D:6      | Became a worshipper of Gozag Ym Sagoz the Greedy
  7514 | D:6      | Reached skill level 5 in Dodging
  8132 | D:7      | Got the Guidebook on Immolation and Topography
  8142 | D:7      | Learned a level 1 spell: Sandblast
  8152 | D:7      | Reached XP level 9. HP: 43/43 MP: 12/17
  8198 | D:7      | Reached skill level 5 in Spellcasting
  8321 | D:7      | Found Ituluts's Magic Scroll Boutique.
  8443 | D:7      | Bought a scroll of teleportation for 39 gold pieces
  8443 | D:7      | Bought a scroll of identify for 26 gold pieces
  8443 | D:7      | Bought a scroll of identify for 26 gold pieces
  8443 | D:7      | Bought a scroll of identify for 26 gold pieces
  8707 | D:7      | Identified the ring of Mymoihil {rF+ Will+ Str+6}
  8727 | D:7      | Identified the +5 great sword of Kouriali {heavy, rPois
                  | Stlth+}
  8767 | D:7      | Reached skill level 1 in Earth Magic
  9225 | D:8      | Noticed Axe's ghost (novice OpFi)
  9239 | D:8      | Found a transporter.
  9569 | D:8      | Reached XP level 10. HP: 49/49 MP: 13/19
  9696 | D:8      | Noticed a cyan ugly thing
  9814 | D:8      | Found a transporter.
 10326 | D:9      | Noticed Erica
 10350 | D:9      | Killed Erica
 10453 | D:9      | Noticed a two-headed ogre
 10524 | D:9      | Reached skill level 5 in Short Blades
 10755 | D:9      | Learned a level 3 spell: Dazzling Flash
 10923 | D:3      | Bought a book of Burglary for 260 gold pieces
 10926 | D:3      | Learned a level 2 spell: Passwall
 10930 | D:3      | Learned a level 3 spell: Swiftness
 11026 | D:3      | Found Fyita's Armour Shop.
 11055 | D:3      | Found a basalt altar of Yredelemnul.
 11196 | D:3      | Found Ukkuunaj's Book Shop.
 11319 | D:3      | Killed Grinder
 11320 | D:3      | Reached skill level 5 in Evocations
 11368 | D:3      | Killed Ijyb
 11441 | D:3      | Found Titi's Weapon Emporium.
 11965 | D:9      | Reached skill level 1 in Transmutations
 12376 | D:9      | Noticed Gastronok
 12392 | D:9      | Killed Gastronok
 12393 | D:9      | Reached skill level 1 in Conjurations
 12393 | D:9      | Reached skill level 1 in Air Magic
 12393 | D:9      | Reached XP level 11. HP: 41/53 MP: 16/21
 12520 | D:9      | Noticed a two-headed ogre
 12524 | D:9      | Killed a two-headed ogre
 12556 | D:9      | Killed a two-headed ogre
 12802 | D:9      | Found a hide-covered altar of Uskayaw.
 13091 | D:10     | Entered Level 10 of the Dungeon
 13482 | D:10     | Found a burning altar of Makhleb.
 13689 | D:10     | Found a glowing silver altar of Zin.
 13702 | D:10     | Reached skill level 10 in Hexes
 14454 | D:11     | Found a gate leading to a gauntlet.
 14627 | D:11     | Reached skill level 10 in Stealth
 14644 | Gauntlet | Entered a Gauntlet
 14644 | Gauntlet | Found a transporter.
 14656 | Gauntlet | Found a transporter.
 14657 | Gauntlet | Found a transporter.
 14658 | Gauntlet | Found a transporter.
 14665 | Gauntlet | Found a transporter.
 14668 | Gauntlet | Found a transporter.
 14669 | Gauntlet | Found a transporter.
 14678 | Gauntlet | Found a transporter.
 14678 | Gauntlet | Noticed a minotaur
 14681 | Gauntlet | Found a transporter.
 14682 | Gauntlet | Found a transporter.
 14690 | Gauntlet | Found a transporter.
 14693 | Gauntlet | Found a transporter.
 14694 | Gauntlet | Found a transporter.
 14699 | Gauntlet | Noticed a catoblepas
 14702 | Gauntlet | Found a transporter.
 14997 | Gauntlet | Reached skill level 5 in Ranged Weapons
 15112 | Gauntlet | Slain by a catoblepas

Illustrated notes

Levels and vault maps discovered:
D:1:      dpeg_arrival_tiny_a, layout_loops_corners, chequers_decorated_corner
D:2:      layout_loops_ring, dreamdust_ecumenical_altar_drowned_temple
D:3:      layout_loops_ring, lemuel_round_altar, cheibrodos_sewer_entry_sluice,
          serial_shops, shop, nicolae_shop_hallway_plus, shop,
          chequers_serial_rivers_small_3, nicolae_goblin_pals, uniq_terence,
          uniq_natasha, uniq_grinder
D:4:      layout_basic, vehumet_statue, cheibrodos_ashenzari_chains, uniq_pikel
D:5:      layout_gridville, minmay_temple_entry_butterflies
D:6:      black_bear_nest_2, layout_basic, mainiacjoe_overflow_24_doors,
          uniq_prince_ribbit1
D:7:      layout_rooms, serial_shops, shop_statue
D:8:      layout_loops_ring, gammafunk_ghost_stat_death
D:9:      cheibrodos_helix_gallery, layout_loops_ring,
          mainiacjoe_overflow_chevrons, lemuel_flame_loot_1, uniq_gastronok,
          uniq_erica
D:10:     layout_gridville, nicolae_overflow_hidden_temple,
          amcnicky_altar_gilded
D:11:     layout_roguey, david_lair_shrubbed, erik_orc_2,
          gauntlet_entry_generic, serial_shops, shop
Temple:   nicolae_temple_no_exploring_needed
Gauntlet: gammafunk_gauntlet_77_escape_option
          [minmay_gauntlet_arena_77_block_sizes,
          minmay_gauntlet_arena_77_mirror, minmay_gauntlet_arena_77_fan,
          minmay_gauntlet_arena_77_hold_the_fort,
          minmay_gauntlet_arena_77_terracotta_army, gauntlet_exit_green]

Skill      XL: |  1  2  3  4  5  6  7  8  9 10 11 |
---------------+----------------------------------+-----
Hexes          | 4 5 6 7 8 9 10 | 10.5
Spellcasting   | 3 4 5 6 7 |  7.3
Dodging        | 3 4 5 6 7 |  7.8
Stealth        | 5 6 7 8 9 10 | 10.2
Fighting       | 1 2 3 4 |  4.5
Short Blades   | 2 3 4 5 6 |  6.0
Ranged Weapons | 1 2 3 4 5 |  5.0
Throwing       | 1 2 3 |  3.0
Shields        | 1 2 3 4 |  4.0
Ice Magic      | 1 2 3 |  3.0
Evocations     | 2 4 5 6 |  6.3
Earth Magic    | 1 2 3 |  3.1
Transmutations | 1 3 |  3.0
Conjurations   | 1 2 |  2.1
Air Magic      | 1 2 |  2.3

Action                     |  1- 3 |  4- 6 |  7- 9 | 10-12 || total
---------------------------+-------+-------+-------+-------++-------
  Melee: Dagger            |    69 |   192 |   157 |   237 ||   655
         Punch             |       |     3 |     3 |     2 ||     8
   Fire: Sling             |    58 |    94 |       |       ||   152
  Throw: Dart              |       |     5 |    14 |    21 ||    40
         Boomerang         |       |     3 |       |     6 ||     9
         Stone             |       |     1 |       |     1 ||     2
         Throwing net      |       |       |       |     1 ||     1
   Cast: Ensorcelled Hiber |     2 |    69 |    48 |    96 ||   215
         Tukima's Dance    |       |     4 |    16 |    13 ||    33
         Confusing Touch   |       |     3 |    12 |    15 ||    30
         Dazzling Flash    |       |       |       |     3 ||     3
  Evoke: Wand              |       |     1 |     7 |     9 ||    17
    Use: Scroll            |       |    11 |    10 |     5 ||    26
         Potion            |       |     2 |       |     6 ||     8
   Stab: Sleeping          |     5 |    39 |    39 |    56 ||   139
         Invisible         |       |     4 |       |     3 ||     7
         Confused          |       |     4 |     5 |    12 ||    21
         Distracted        |       |       |       |     4 ||     4
         Held in net/web   |       |       |       |     1 ||     1
         Paralysed         |       |       |       |     1 ||     1
 Armour: Robe              |     8 |    15 |     9 |    16 ||    48
         Skin              |       |       |       |     1 ||     1
  Dodge: Dodged            |    62 |   175 |   103 |   191 ||   531
  Block: Buckler           |       |       |       |     4 ||     4

Table legend: (Time is in decaauts)
 A = Elapsed time spent in this place.
 B = Non-inter-level travel time spent in this place.
 C = Inter-level travel time spent in this place.
 D = Time resting spent in this place.
 E = Time spent auto-exploring this place.
 F = Levels seen in this place.
 G = Mean time per level.
                   A        B        C        D        E       F      G
               +--------+--------+--------+--------+--------+-----+--------+
         Total |  11348 |  10703 |    645 |   1790 |   5870 |  14 |  810.6 |
       Dungeon |  10339 |   9694 |    645 |   1515 |   5602 |  11 |  939.9 |
        Temple |      1 |      1 |      0 |      0 |      0 |   1 |    1.0 |
         Sewer |    625 |    625 |      0 |    101 |    198 |   1 |  625.0 |
      Gauntlet |    381 |    381 |      0 |    174 |     69 |   1 |  381.0 |
               +--------+--------+--------+--------+--------+-----+--------+

Top non-repeatable levels by time:
     D:9: 1583 daAuts
     D:3: 1553 daAuts
     D:6: 1160 daAuts
    D:10: 994 daAuts
     D:4: 973 daAuts
     D:8: 918 daAuts
     D:1: 834 daAuts
     D:7: 805 daAuts
     D:2: 724 daAuts
     D:5: 717 daAuts
   Sewer: 625 daAuts
Gauntlet: 381 daAuts
    D:11: 73 daAuts
  Temple: 1 daAuts
